 Dungeon Crawl Stone Soup version 0.17.1-3-g152610e (webtiles) character file.

88 hannobal the Sneak (level 4, -4/39 HPs)
             Began as a Naga Assassin on Apr 21, 2016.
             Slain by an iguana (7 damage)
             ... on level 4 of the Dungeon on Apr 22, 2016.
             The game lasted 00:11:04 (1998 turns).

hannobal the Sneak (Naga Assassin)                  Turns: 1998, Time: 00:11:04

Health: -4/39      AC:  6    Str: 14    XL:     4   Next: 54%
Magic:  4/4        EV:  8    Int: 11    God:
Gold:   87         SH:  0    Dex: 13    Spells: 0 memorised, 3 levels left

rFire  . . .     SeeInvis +     g - +0 blowgun
rCold  . . .     Clarity  .     m - +0 ring mail
rNeg   . . .     SustAt   +     (no shield)
rPois  +         Gourm    .     (no helmet)
rElec  .         Spirit   .     d - +0 cloak
rCorr  .         Warding  .     w - +1 pair of gloves
rMut   .         Stasis   .     (no barding)
MR     .....                    R - amulet of regeneration
Stlth  +++.......               (no ring)
                                r - ring of sustain attributes

@: very slow, not resistant to hostile enchantments, fairly stealthy
A: see invisible, deformed body, poison resistance, slowness 2, slow metabolism
1, spit poison 2, AC +1
a: Spit Poison


You were on level 4 of the Dungeon.
You were not hungry.

You visited 1 branch of the dungeon, and saw 4 of its levels.

You collected 87 gold pieces.

Inventory:

Hand Weapons
 a - a +0 mace
 b - a +0 hunting sling
 g - a +0 blowgun (weapon)
 i - a +0 hand axe
 k - a +0 club
 s - a +2 dagger of holy wrath
 v - a +2 dagger
Missiles
 j - 21 stones
 p - 11 poisoned needles (quivered)
 u - 24 arrows
Armour
 c - a +0 robe
 d - a +0 cloak (worn)
 m - a +0 ring mail (worn)
 w - a +1 pair of gloves (worn)
Jewellery
 r - a ring of sustain attributes (left hand)
 C - an uncursed amulet of clarity
 R - an amulet of regeneration (around neck)
Scrolls
 q - a scroll of remove curse
Comestibles
 e - 2 bread rations
 h - 2 chunks of flesh
 n - 2 meat rations
 o - a royal jelly


   Skills:
 - Level 2.0 Fighting
 - Level 2.0 Short Blades
 + Level 4.1 Throwing
 - Level 0.7 Dodging
 - Level 6.0 Stealth


You had 3 spell levels left.
You didn't know any spells.

Dungeon Overview and Level Annotations

Branches:
Dungeon (4/15)
 Temple: D:4-7

Altars:

Annotations:
D:3 MirrMurr's ghost, amateur MiBe


Innate Abilities, Weirdness & Mutations

You cannot wear boots.
Your serpentine skin is tough (AC +1).
You have supernaturally acute eyesight.
Armour fits poorly on your strangely shaped body.
Your system is resistant to poisons.
You cover ground very slowly.
You have a slow metabolism.
You can spit poison.


Message History

Wield which item (- for none, * to show all)? (? for menu, Esc to quit)
g - a +0 blowgun (weapon)
Quiver which item? (- for none, * to show all) (? for menu, Esc to quit)
Quivering
f - a curare-tipped needle for blowguns.
Firing (i - inventory. (,) - cycle):
f - a curare-tipped needle (quivered)
Press: ? - help, Shift-Dir - straight line, f - iguana
Aim: an iguana (moderately wounded)
You shoot a curare-tipped needle.
The curare-tipped needle barely misses the iguana.
You hear a splash.
The iguana bites you.
* * * LOW HITPOINT WARNING * * *
Firing (i - inventory. (,) - cycle):
p - 12 poisoned needles (quivered)
Press: ? - help, Shift-Dir - straight line, f/p - iguana
Aim: an iguana (moderately wounded)
You shoot a poisoned needle. The poisoned needle hits the iguana!
The iguana is poisoned.
The iguana is moderately wounded.
The iguana bites you!
You die...

.....(.≈.# ..
#........#...
#........#...
#............
#............
#............
#.%..l.......
#...@# ######


You could see an iguana.

Vanquished Creatures
  3 adders
  A worm (D:2)
  An orc (D:3)
  A ball python (D:1)
  4 bats
  2 giant cockroaches (D:1)
  4 goblins
  10 hobgoblins
  9 jackals (D:1)
  5 kobolds
  2 quokkas
  4 giant newts
  A quokka zombie (D:3)
  8 rats
55 creatures vanquished.

Vanquished Creatures (others)
  A hobgoblin (D:1)
1 creature vanquished.

Grand Total: 56 creatures vanquished

Notes
Turn   | Place    | Note
--------------------------------------------------------------
     0 | D:1      | hannobal the Naga Assassin began the quest for the Orb.
     0 | D:1      | Reached XP level 1. HP: 19/19 MP: 1/1
    19 | D:1      | Reached skill level 6 in Stealth
   103 | D:1      | Reached XP level 2. HP: 26/26 MP: 2/2
   313 | D:1      | Reached XP level 3. HP: 32/32 MP: 3/3
  1109 | D:2      | Reached XP level 4. HP: 18/39 MP: 4/4
  1885 | D:3      | Noticed MirrMurr's ghost (amateur MiBe)
  1998 | D:4      | Slain by an iguana

Action                   |  1- 3 |  4- 6 || total
-------------------------+-------+-------++-------
Melee: Dagger            |    54 |       ||    54
       Mace              |    27 |    42 ||    69
 Fire: Blowgun           |    34 |     2 ||    36
       Hunting sling     |    39 |    54 ||    93
  Use: Scroll            |     6 |     1 ||     7
       Potion            |     5 |     3 ||     8
 Stab: Sleeping          |     3 |     1 ||     4
  Eat: Chunk             |       |     3 ||     3
